AoeStats
← 66847804

Black Forest

510034045Analyzed
2v2 RM · 2d ago on Sep 29, 2026· 62m 37s· 4 players
Game mode
Random Map
Map size
Medium (4 player)
Population
200
Speed
Normal
Resources
Standard
Victory
Conquest
Starting age
Dark Age
Ending age
Imperial Age
RankedLock teamsTeams togetherTeam positionsShared explorationLock speedFull tech treeHidden civsTurbo modeCheats
Victory
Defeat
🇺🇸 Vikings · United States
929
+16
🇲🇽 Persians · Mexico
928
+16
🇨🇳 Sicilians · China
935
-16
🇨🇳 Persians · China
925
-24
Darkfield
0:55 Loom
12:18 Feudal Age
14:18 Town Watch
23:58 Wheelbarrow
27:39 Castle Age
25:29 Double-Bit Axe
25:32 Horse Collar
25:49 Gold Mining
26:40 Stone Mining
28:21 Hand Cart
30:37 Fletching
33:12 Crossbowman
34:09 Heavy Plow
34:25 Bow Saw
34:56 Gold Shaft Mining
36:03 Thumb Ring
36:29 Fervor
38:22 Kamandaran
41:13 Imperial Age
40:08 Scale Barding Armor
40:15 Forging
41:55 Conscription
45:57 Onager
48:01 Elite War Elephant
49:14 Chain Barding Armor
49:30 Iron Casting
48:57 Padded Archer Armor
49:38 Husbandry
49:48 Bloodlines
50:00 Citadels
49:49 Bodkin Arrow
51:04 Plate Barding Armor
51:27 Devotion
52:49 Blast Furnace
53:08 Leather Archer Armor
53:26 Crop Rotation
53:28 Capped Ram
57:00 Chemistry
56:21 Ballistics
56:11 Masonry
55:57 Murder Holes
56:59 Ring Archer Armor
DSLG | Mr.Olivaz
1:07 Loom
13:54 Feudal Age
19:47 Castle Age
18:27 Double-Bit Axe
19:21 Horse Collar
21:27 Gold Mining
26:28 Stone Mining
28:50 Bow Saw
31:09 Heavy Plow
35:55 Imperial Age
33:12 Pikeman
34:47 Scale Mail Armor
36:18 Ballistics
37:01 Conscription
37:46 Chemistry
38:09 Fortified Wall
39:16 Gold Shaft Mining
39:13 Crop Rotation
39:45 Two-Man Saw
38:30 Onager
40:00 Forging
40:06 Chain Mail Armor
40:05 Heavy Scorpion
40:36 Treadmill Crane
42:18 Plate Mail Armor
42:24 Iron Casting
41:59 Chieftains
46:58 Town Watch
46:44 Heavy Scorpion
48:02 Block Printing
50:13 Blast Furnace
60:44 Fletching
huiqunzheng3
4:30 Loom
11:45 Feudal Age
16:03 Horse Collar
23:12 Double-Bit Axe
27:55 Castle Age
28:56 Wheelbarrow
28:52 Scale Mail Armor
29:16 Pikeman
30:24 Bow Saw
31:25 Gambesons
32:50 Chain Mail Armor
34:49 Heavy Plow
37:21 Forging
40:38 Iron Casting
44:10 Imperial Age
41:57 Hand Cart
42:03 Squires
44:12 Capped Ram
44:45 Halberdier
45:21 Arson
46:31 Elite Serjeant
49:19 Plate Mail Armor
48:55 Onager
51:10 Caravan
53:49 Conscription
54:50 Blast Furnace
55:14 Siege Onager
66847804
0:54 Loom
12:20 Feudal Age
12:53 Double-Bit Axe
12:49 Horse Collar
18:33 Castle Age
19:41 Wheelbarrow
19:18 Bow Saw
19:09 Heavy Plow
21:21 Hand Cart
25:05 Stone Mining
25:10 Gold Mining
27:12 Fletching
31:27 Imperial Age
29:09 Forging
29:04 Husbandry
29:15 Bloodlines
30:13 Gold Shaft Mining
29:53 Murder Holes
30:18 Ballistics
31:01 Caravan
31:58 Iron Casting
31:29 Scale Barding Armor
31:51 Masonry
31:33 Fletching
33:18 Conscription
33:10 Citadels
33:33 Kamandaran
34:54 Blast Furnace
34:14 Chain Barding Armor
34:06 Bodkin Arrow
33:33 Elite Skirmisher
35:07 Thumb Ring
37:11 Plate Barding Armor
37:16 Devotion
37:33 Padded Archer Armor
37:34 Scale Mail Armor
37:47 Elite War Elephant
39:49 Leather Archer Armor
40:41 Onager
42:17 Chain Mail Armor
42:32 Ring Archer Armor
43:53 Cavalier
45:33 Faith
47:00 Light Cavalry
51:37 Theocracy
51:12 Fervor
51:18 Block Printing
50:59 Herbal Medicine
55:02 Gambesons
54:37 Man-at-Arms
55:32 Crossbowman
56:47 Plate Mail Armor
56:57 Long Swordsman
58:57 Squires
58:18 Pikeman
60:59 Savar
61:00 Hussar
Connection lost

Rejoining the realm…

Still unreachable

The connection could not be restored.

Session expired

The server has moved on; the page needs a fresh start.